 Dungeon Crawl Stone Soup version 0.30-a0-1066-g63dfefce0d (webtiles) character file.

Game seed: 12745224186580905396

1199 Zeldest the Trooper (level 8, -1/71 HPs)
             Began as a Minotaur Hexslinger on Apr 13, 2023.
             Was a Believer of Okawaru.
             Shot with an arrow by a centaur (16 damage)
             ... on level 6 of the Dungeon.
             The game lasted 00:05:06 (4848 turns).

Zeldest the Trooper (Minotaur Hexslinger)           Turns: 4848, Time: 00:05:07

Health: -1/71      AC:  0    Str: 17    XL:     8   Next: 20%
Magic:  9/9        EV:  8    Int: 10    God:    Okawaru [**....]
Gold:   292        SH:  8    Dex: 11    Spells: 8/9 levels left

rFire   . . .      SeeInvis .    A - +2 mace (venom)
rCold   . . .      Faith    .    r - +0 kite shield
rNeg    . . .      Spirit   .    w - +0 scale mail
rPois   .          Reflect  .    (helmet restricted)
rElec   .          Rampage  .    n - scarf {+Inv}
rCorr   .                        (no gloves)
Will    .....                    (no boots) Stlth
                                 t - amulet of regeneration
HPRegen 1.11/turn                (no ring)
MPRegen 0.11/turn                (no ring)

@: corroded
A: horns 2, retaliatory headbutt
a: Renounce Religion, Evoke Invisibility, Heroism


You were on level 6 of the Dungeon.
You worshipped Okawaru.
Okawaru was pleased with you.
You visited 1 branch of the dungeon, and saw 6 of its levels.

You collected 292 gold pieces.

Inventory:

Hand Weapons
 A - a +2 mace of venom (weapon)
Armour
 n - a scarf of invisibility (worn)
 r - a +0 kite shield (worn)
 w - a +0 scale mail (worn)
Jewellery
 t - an amulet of regeneration (around neck)
Wands
 a - a wand of flame (23)
 C - a wand of quicksilver (5)
Scrolls
 b - 3 scrolls of poison
 c - a scroll of blinking {unknown}
 e - a scroll of fog {unknown}
 g - 12 scrolls of identify {unknown}
 i - a scroll of torment {unknown}
 k - a scroll of magic mapping {unknown}
 m - a scroll of enchant weapon {unknown}
 v - 3 scrolls of immolation {unknown}
 x - 2 scrolls of teleportation {unknown}
 y - a scroll of noise {unknown}
Potions
 d - a potion of might {unknown}
 f - 2 potions of degeneration {unknown}
 j - 3 potions of brilliance
 l - a potion of lignification {unknown}
 o - 2 potions of invisibility {unknown}
 p - a potion of curing
 q - a potion of flight {unknown}
 s - 3 potions of mutation {unknown}
 u - a potion of haste {unknown}
 z - a potion of ambrosia {unknown}
 B - a potion of magic {unknown}


   Skills:
 + Level 6.4 Fighting
 * Level 5.6 Axes
 - Level 2.1 Ranged Weapons
 - Level 3.7 Armour
 - Level 2.1 Dodging
 + Level 4.5 Shields
 - Level 1.0 Spellcasting
 - Level 2.0 Hexes
 + Level 3.7 Invocations


You had 8 spell levels left.
You knew the following spells:

 Your Spells              Type           Power      Damage    Failure   Level
a - Slow                  Hex            16%        N/A       82%         1

Your spell library contained the following spells:

 Spells                   Type           Power      Damage    Failure   Level
 Cigotuvi's Dreadful Rot  Necr/Pois/Air  0%         N/A       99%         2
 Sublimation of Blood     Necr           0%         N/A       99%         2
 Ignite Poison            Fire/Tmut/Pois 0%         N/A       100%        3
 Inner Flame              Hex/Fire       2%         N/A       100%        3
 Portal Projectile        Hex/Tloc       4%         N/A       100%        3
 Cause Fear               Hex            2%         N/A       100%        4
 Petrify                  Tmut/Erth      0%         N/A       100%        4
 Freezing Cloud           Conj/Ice/Air   0%         6-21      100%        5
 Irradiate                Conj/Tmut      0%         3d11      100%        5


Dungeon Overview and Level Annotations

Branches:
Dungeon (6/15) Zot: 26339
 Temple: D:4-7

Altars:
Kikubaaqudgha
Okawaru
Ru

Shops:
D:3 !   D:5 *


Innate Abilities, Weirdness & Mutations

You have a pair of horns on your head.
You reflexively headbutt those who attack you in melee.


Message History

Your hands burn!
You headbutt the jelly, but do no damage.
The jelly is almost dead.
You block the jelly's attack. The black bear bites you.
The black bear closely misses you. The black bear claws you.
You block something's attack.
Deactivating autopickup; reactivate with Ctrl-A.
The jelly attacks as you move away! The jelly hits you.
You are splashed with acid!
Something completely misses you. You block the black bear's attack.
The black bear barely misses you. You block the black bear's attack.
The jelly attacks as you move away! The jelly hits you.
You are splashed with acid!
The black bear bites you!
* * * LOW HITPOINT WARNING * * *
You block the black bear's attack. The black bear claws you.
* * * LOW HITPOINT WARNING * * *
Something hits you!
* * * LOW HITPOINT WARNING * * *
You feel much better. You block something's attack. Something hits you.
You block the black bear's attack. The black bear claws you. x2
* * * LOW HITPOINT WARNING * * *
The black bear attacks as you move away!
The black bear bites you.
* * * LOW HITPOINT WARNING * * *
The black bear claws you.
* * * LOW HITPOINT WARNING * * *
You block the black bear's attack.
You kill the jelly!
Okawaru accepts your kill. Something hits you.
* * * LOW HITPOINT WARNING * * *
The centaur wields a +4 shortbow.
The centaur shoots an arrow.
Okay, then.
The black bear attacks as you move away!
The black bear barely misses you. x2; The black bear claws you.
* * * LOW HITPOINT WARNING * * *
Something hits you.
* * * LOW HITPOINT WARNING * * *
You feel better.
The centaur shoots an arrow.
The arrow hits you!
You die...

##...##.# #######..~..#.#
#.......~~~...#
#.#####..~..#.# #.#
##...##.# #.# ##.###.###
########.# #........
.>.......# ##.##.###
########@.# #.##.#
....####..########.##.###
........hc...............
......J.............)[.#.
..#.....#.....#.....#....
#.###.#.###.#.###.#.... #
..#.. .#. ...#...#
#.."..# . #.......
#=###$# ## #....##.


You could see a black bear, a centaur and a jelly.

Vanquished Creatures
  Pikel (D:4)
  An ice beast (D:6)
  A black bear (D:5)
  An ogre (D:6)
  A scorpion (D:4)
  2 jellies
  2 orc priests
  A hound (D:6)
  Terence (D:1)
  An iguana (D:5)
  Ijyb (D:4)
  6 adders
  A shadow imp (D:6)
  A white imp (D:5)
  2 worms
  19 orcs
  6 ball pythons
  5 endoplasms
  5 giant cockroaches
  5 hobgoblins
  2 jackals (D:1)
  A quokka (D:5)
  5 bats
  2 frilled lizards (D:3)
  13 goblins
  4 kobolds
  A rat (D:2)
91 creatures vanquished.

Notes
Turn   | Place    | Note
-------+----------+-------------------------------------------
     0 | D:1      | Zeldest the Minotaur Hexslinger began the quest for the
                  | Orb.
     0 | D:1      | Reached XP level 1. HP: 16/16 MP: 1/1
   171 | D:1      | Reached skill level 1 in Armour
   302 | D:1      | Reached skill level 2 in Fighting
   302 | D:1      | Reached XP level 2. HP: 24/24 MP: 2/2
  1020 | D:2      | Reached XP level 3. HP: 30/30 MP: 3/3
  1024 | D:2      | Found an ancient bone altar of Kikubaaqudgha.
  1094 | D:2      | Reached skill level 3 in Fighting
  1332 | D:2      | Noticed Terence
  1357 | D:1      | Killed Terence
  1358 | D:1      | Reached XP level 4. HP: 14/38 MP: 0/4
  1731 | D:2      | Found a faded altar of an unknown god.
  1926 | D:3      | Found Horur's Distillery.
  2252 | D:3      | You fall into a shaft and drop 2 floors!
  2252 | D:5      | Entered Level 5 of the Dungeon
  2430 | D:5      | Reached skill level 4 in Fighting
  2742 | D:3      | Found an iron altar of Okawaru.
  2930 | D:3      | Became a worshipper of Warmaster Okawaru
  3094 | D:3      | Found a sacrificial altar of Ru.
  3422 | D:4      | Noticed a scorpion
  3431 | D:4      | Killed a scorpion
  3432 | D:4      | Reached skill level 1 in Shields
  3432 | D:4      | Reached skill level 1 in Invocations
  3432 | D:4      | Reached XP level 5. HP: 40/47 MP: 5/5
  3647 | D:4      | Noticed Ijyb
  3863 | D:5      | Found Qoppowko's Neck Hole.
  3921 | D:5      | Reached XP level 6. HP: 55/55 MP: 6/6
  3952 | D:5      | Reached * piety under Okawaru
  3953 | D:5      | Reached skill level 5 in Fighting
  3953 | D:5      | Reached skill level 1 in Axes
  4294 | D:6      | Noticed an ice beast
  4306 | D:6      | Killed an ice beast
  4307 | D:6      | Reached XP level 7. HP: 51/61 MP: 7/7
  4628 | D:4      | Noticed Pikel
  4640 | D:4      | Killed Ijyb
  4649 | D:4      | Killed Pikel
  4649 | D:4      | Reached ** piety under Okawaru
  4650 | D:4      | Reached skill level 6 in Fighting
  4650 | D:4      | Reached skill level 5 in Axes
  4650 | D:4      | Reached XP level 8. HP: 46/70 MP: 9/9
  4848 | D:6      | Shot with an arrow by a centaur

Illustrated notes

Levels and vault maps discovered:
D:1:      lemuel_arrival_muddy, layout_basic
D:2:      layout_basic, ebering_ecumenical_altar_box, basic_altar,
          kennysheep_generic_room_13, uniq_terence
D:3:      layout_loops_cross, marbit_many_paths, nicolae_ru_path_of_blood,
          serial_shops, shop, minmay_misc_feat_tiny
D:4:      layout_basic, uniq_ijyb, uniq_pikel
D:5:      layout_gridville, nicolae_shop_sticking_my_neck_out
D:6:      hangedman_cross_stitches, layout_loops_ring, amcnicky_mini_pool_small,
          kennysheep_pointless_box

Skill      XL: |  1  2  3  4  5  6  7 |
---------------+----------------------+-----
Armour         | 1 2 3 |  3.7
Fighting       | 2 3 4 5 6 |  6.4
Shields        | 1 2 3 4 |  4.5
Invocations    | 1 2 3 |  3.7
Axes           | 3 5 |  5.6
Ranged Weapons | |  2.1
Dodging        | |  2.1
Spellcasting   | |  1.0
Hexes          | |  2.0

Action                     |  1- 3 |  4- 6 |  7- 9 || total
---------------------------+-------+-------+-------++-------
  Melee: Mace              |       |    32 |    36 ||    68
         Headbutt          |       |     8 |     6 ||    14
   Fire: Sling             |   109 |   159 |       ||   268
   Cast: Slow              |     2 |       |       ||     2
    Use: Potion            |       |     1 |     4 ||     5
 Armour: Robe              |     7 |     9 |       ||    16
         Scale mail        |       |    55 |    16 ||    71
  Dodge: Dodged            |    34 |    81 |    11 ||   126
  Block: Kite shield       |       |    66 |    29 ||    95

Table legend: (Time is in decaauts)
 A = Elapsed time spent in this place.
 B = Non-inter-level travel time spent in this place.
 C = Inter-level travel time spent in this place.
 D = Time resting spent in this place.
 E = Time spent auto-exploring this place.
 F = Levels seen in this place.
 G = Mean time per level.
                   A        B        C        D        E       F      G
               +--------+--------+--------+--------+--------+-----+--------+
         Total |   5020 |   4532 |    488 |    307 |   3366 |   6 |  836.7 |
       Dungeon |   5020 |   4532 |    488 |    307 |   3366 |   6 |  836.7 |
               +--------+--------+--------+--------+--------+-----+--------+

Top non-repeatable levels by time:
     D:3: 1148 daAuts
     D:1: 1044 daAuts
     D:2: 954 daAuts
     D:4: 868 daAuts
     D:5: 759 daAuts
     D:6: 245 daAuts
